 Dungeon Crawl Stone Soup version 0.17.0-24-gcfadda4 (webtiles) character file.

1084 psyvane the Ducker (level 8, -2/70 HPs)
             Began as a Grey Draconian Berserker on Nov 17, 2015.
             Was an Elder of Trog.
             Engulfed by a cloud of flame (11 damage)
             ... on level 5 of the Dungeon.
             The game lasted 00:33:13 (5376 turns).

psyvane the Ducker (Grey Draconian Berserker)       Turns: 5376, Time: 00:33:15

Health: -2/70      AC: 13    Str: 22    XL:     8   Next: 8%
Magic:  8/8        EV: 14    Int:  7    God:    Trog [****..]
Gold:   184        SH:  0    Dex: 11    Spells: 0 memorised, 7 levels left

rFire  . . .     SeeInvis .     a - +0 falchion
rCold  . . .     Clarity  .     (armour unavailable)
rNeg   . . .     SustAt   .     (no shield)
rPois  .         Gourm    .     (helmet restricted)
rElec  .         Spirit   .     l - +1 cloak
rCorr  .         Warding  .     (no gloves)
rMut   .         Stasis   .     (no boots)
MR     .....                    (no amulet)
Stlth  +.........               (no ring)
                                (no ring)

@: not resistant to hostile enchantments, very unstealthy
A: walk through water, unfitting armour, unbreathing, cold-blooded, AC +11
a: Berserk, Trog's Hand, Brothers in Arms, Burn Spellbooks, Renounce Religion


You were on level 5 of the Dungeon.
You worshipped Trog.
Trog was greatly pleased with you.
You were very hungry.

You visited 1 branch of the dungeon, and saw 5 of its levels.
You also visited: Sewer.

You collected 184 gold pieces.

Inventory:

Hand Weapons
 a - a +0 falchion (weapon)
Armour
 l - a +1 cloak (worn)
Jewellery
 e - an uncursed amulet of regeneration
Scrolls
 b - a scroll of magic mapping {unknown}
 f - a scroll of enchant armour
 m - a scroll of fear
 q - a scroll of random uselessness {unknown}
Potions
 c - 2 potions of might
 d - a potion of ambrosia {unknown}
 g - a potion of brilliance
 h - 3 potions of curing
 j - a potion of mutation {unknown}
 k - a potion of degeneration {unknown}
 o - a potion of haste {unknown}
Books
 n - a book of the Sky

   Spells                             Type                      Level
   a - Summon Lightning Spire         Summoning/Air                4
   b - Airstrike                      Air                          4
   c - Silence                        Hexes/Air                    5
   d - Deflect Missiles               Charms/Air                   6
   e - Conjure Ball Lightning         Conjuration/Air              6
   f - Tornado                        Air                          9
   Trog disapproves of the use of such an item.


   Skills:
 * Level 6.0 Fighting
 * Level 6.2 Long Blades
 + Level 6.3 Dodging


You had 7 spell levels left.
You didn't know any spells.

Dungeon Overview and Level Annotations

Branches:
Dungeon (5/15)             Temple (0/1) D:4

Altars:
Dithmenos
Elyvilon
Kikubaaqudgha
Ru
Trog
Xom

Annotations:
D:2 Sigmund


Innate Abilities, Weirdness & Mutations

You can walk through water.
Your dull iron-grey scales are very hard (AC +11).
Your body does not fit into most forms of armour.
You can survive without breathing.
You are cold-blooded and may be slowed by cold attacks.


Message History

The phantom explodes!
The fiery explosion engulfs the gnoll.
The gnoll is severely wounded.
The fiery explosion engulfs the orc.
The orc explodes!
The fiery explosion engulfs the gnoll.
The gnoll explodes!
You hear an explosion!
Trog accepts your kill.
You feel a bit more experienced. Trog accepts your kill. x2
Your Fighting skill increases to level 6!
You have reached level 8!
You feel stronger. The fiery explosion engulfs you!
Ouch! That really hurt!
* * * LOW HITPOINT WARNING * * *
Trog accepts your kill.
You are engulfed in roaring flames.
You die...

........#.............# .......
......#...............##.......
................§....o.........
.)#.#####.....................#
..#.# #......§§§.....#.......
.#..#####.....#§§###.#.#.....<.
##.##.........##§§g.....$......
#..##.####.#####§####....g.h...
#.##..# #.##..§@># ...........
#....#...#.##.....#.###........
...##......##....... ........
...........##.........
.###....$..#######.#....
......(..... ...###
####.......# ..## # ...... ..#
....


There were no monsters in sight!

Vanquished Creatures
  Edmund (D:3)
  An ogre (D:4)
  A sky beast (D:5)
  A phantom (D:5)
  2 giant frogs (Sewer)
  A scorpion (D:4)
  2 hounds (D:5)
  A centaur zombie (D:5)
  A crimson imp (D:5)
  3 orc wizards
  An orc priest (D:4)
  2 worker ants
  3 river rats (D:3)
  8 adders
  3 gnolls (D:5)
  3 oozes
  A worm (D:4)
  An adder skeleton (D:4)
  7 giant geckos
  10 orcs
  9 bats
  7 hobgoblins
  7 jackals
  3 quokkas
  7 ball pythons
  A ball python skeleton (D:5)
  8 giant cockroaches
  6 giant newts
  12 goblins
  5 kobolds
  5 rats
123 creatures vanquished.

Notes
Turn   | Place    | Note
--------------------------------------------------------------
     0 | D:1      | psyvane the Draconian Berserker began the quest for the Orb.
     0 | D:1      | Reached XP level 1. HP: 19/19 MP: 1/1
   119 | D:1      | Reached XP level 2. HP: 16/26 MP: 2/2
   406 | D:1      | Reached ** piety under Trog
   858 | D:2      | Reached XP level 3. HP: 29/31 MP: 3/3
  1360 | D:2      | Noticed Sigmund
  1776 | D:3      | Reached XP level 4. HP: 36/40 MP: 4/4
  2061 | D:3      | Reached *** piety under Trog
  2061 | D:3      | Reached skill level 4 in Fighting
  2066 | D:3      | Found a glowing drain.
  2078 | D:3      | Reached XP level 5. HP: 18/46 MP: 5/5
  2103 | Sewer    | Entered a sewer
  2524 | Sewer    | Reached XP level 6. HP: 28/53 MP: 6/6
  3439 | D:3      | Found a white marble altar of Elyvilon.
  3569 | D:4      | Reached skill level 5 in Dodging
  3834 | D:4      | Found a staircase to the Ecumenical Temple.
  3834 | D:4      | Noticed Edmund
  3907 | D:4      | Found a sacrificial altar of Ru.
  4092 | D:3      | HP: 2/53 [Edmund/flail of holy wrath (12)]
  4093 | D:3      | Killed Edmund
  4093 | D:3      | Reached skill level 5 in Long Blades
  4093 | D:3      | Your scales start taking on a dull iron-grey colour.
  4093 | D:3      | Gained mutation: You can survive without breathing. [Grey Draconian growth]
  4093 | D:3      | Reached XP level 7. HP: 2/60 MP: 7/7
  4102 | D:3      | Reached **** piety under Trog
  4481 | D:4      | Reached skill level 5 in Fighting
  4550 | D:4      | Found a shadowy altar of Dithmenos.
  4604 | D:4      | Found a shimmering altar of Xom.
  4611 | D:4      | Found a white marble altar of Elyvilon.
  4671 | D:4      | Paralysed by an orc for 4 turns
  4680 | D:4      | Paralysed by an orc for 7 turns
  4694 | D:4      | HP: 1/61 [orc priest/divine providence (12)]
  4702 | D:5      | Entered Level 5 of the Dungeon
  4970 | D:5      | Found an ancient bone altar of Kikubaaqudgha.
  4972 | D:5      | Found a bloodstained altar of Trog.
  5207 | D:5      | Reached skill level 6 in Dodging
  5376 | D:5      | Reached XP level 8. HP: 50/70 MP: 8/8
  5376 | D:5      | Engulfed by a cloud of flame

Action                   |  1- 3 |  4- 6 |  7- 9 || total
-------------------------+-------+-------+-------++-------
Melee: Falchion          |   151 |   254 |   158 ||   563
  Use: Scroll            |     8 |     6 |     2 ||    16
       Potion            |     3 |     1 |     1 ||     5
 Stab: Sleeping          |     1 |       |     1 ||     2
  Eat: Chunk             |     3 |     4 |     3 ||    10
       Bread ration      |       |     1 |       ||     1
